Map: [ESL] Stargazers

Players

trigger

  • Race: Protoss Protoss
  • Spawn Location: 1:00

Astrea - Winner!

  • Race: Protoss Protoss
  • Spawn Location: 11:00

Event: DreamHack SC2 Masters 2022 Atlanta (Online)

VOD

Have the link to the VOD?

Description

Time

  • Played on: Oct. 12, 2022, 5:25 p.m.
  • Length: 24:51

All games in this series

Show
View Real Time Build Order
Export as new Build Order

trigger Protoss 

Build Orders: Oracle Opening 

Get SALT Encoding   

  12  0:00  Probe  
  13  0:12  Probe  
  14  0:17  Pylon  
  14  0:24  Probe (Chrono Boost)  
  16  0:36  Probe (Chrono Boost)  
  16  0:38  Gateway  
  16  0:43  Probe (Chrono Boost)  
  16  0:46  Assimilator  
  17  0:50  Probe  
  18  1:03  Probe (Chrono Boost)  
  19  1:04  Assimilator  
  19  1:05  Pylon  
  20  1:12  Probe (Chrono Boost)  
  20  1:17  Probe (Chrono Boost)  
  20  1:25  Cybernetics Core  
  21  1:29  Probe  
  21  1:31  Pylon  
  24  1:41  Probe  
  25  1:57  Pylon  
  24  2:01  Robotics Facility  
  24  2:04  Robotics Facility  
  23  2:10  Adept (Chrono Boost)  
  25  2:18  Probe  
  26  2:29  Warp Gate  
  26  2:30  Probe  
  26  2:33  Stalker  
  29  2:38  Stargate  
  28  2:45  Probe  
  28  2:46  Shield Battery  
  29  3:03  Probe, Stalker  
  32  3:20  Oracle (Chrono Boost)  
  32  3:21  Nexus  
  32  3:25  Probe  
  36  3:28  Pylon  
  36  3:38  Pylon  
  36  3:46  Probe  
  37  3:52  Oracle  
  37  3:58  Probe  
  37  4:02  Gateway  
  38  4:10  Probe (Chrono Boost)  
  39  4:19  Twilight Council  
  39  4:22  Probe (Chrono Boost)  
  40  4:25  Pylon  
  40  4:30  Probe (Chrono Boost), Stalker  
  43  4:34  Probe (Chrono Boost)  
  45  4:44  Probe (Chrono Boost)  
  45  4:45  Gateway  
  45  4:49  Probe x2 (Chrono Boost)  
  47  4:53  Blink (Chrono Boost)  
  47  5:00  Probe  
  47  5:05  Stalker  
  47  5:06  Probe  
  51  5:13  Probe  
  52  5:15  Stalker  
  52  5:18  Probe  
  55  5:25  Probe  
  56  5:28  Stalker  
  56  5:30  Probe  
  59  5:37  Probe  
  59  5:38  Stalker  
  62  5:43  Probe  
  62  5:49  Probe  
  64  5:52  Shield Battery, Nexus  
  64  5:55  Stalker  
  66  5:58  Pylon  
  66  6:02  Stalker  
  68  6:06  Probe x2  
  68  6:08  Assimilator  
  70  6:17  Stalker  
  70  6:18  Stalker  
  71  6:24  Shield Battery  
  71  6:26  Stalker  
  71  6:30  Probe  
  71  6:32  Probe  
  75  6:39  Robotics Facility  
  75  6:40  Forge  
  75  6:41  Stalker  
  77  6:50  Pylon  
  77  6:52  Pylon  
  71  6:57  Stalker x2  
  71  7:00  Probe (Chrono Boost)  
  77  7:03  Probe (Chrono Boost)  
  77  7:06  Probe (Chrono Boost)  
  78  7:10  Stalker  
  78  7:14  Protoss Ground Weapons Level 1 (Chrono Boost)  
  83  7:15  Probe (Chrono Boost)  
  83  7:16  Probe x2 (Chrono Boost)  
  83  7:21  Probe (Chrono Boost), Pylon  
  83  7:22  Probe  
  84  7:24  Probe  
  86  7:31  Observer (Chrono Boost)  
  86  7:33  Probe  
  86  7:34  Probe  
  89  7:40  Stalker  
  89  7:41  Stalker  
  93  7:45  Probe x2  
  93  7:46  Probe  
  93  7:47  Nexus, Assimilator  
  93  7:50  Stalker  
  98  7:56  Pylon  
  98  7:58  Pylon  
  98  8:00  Gateway  
  98  8:01  Probe x2  
  100  8:06  Observer (Chrono Boost), Assimilator  
  100  8:08  Stalker  
  100  8:09  Stalker  
  100  8:11  Probe  
  106  8:13  Probe x2  
  106  8:18  Stalker  
  110  8:25  Immortal (Chrono Boost)  
  113  8:27  Shield Battery  
  113  8:31  Stalker  
  113  8:33  Stalker  
  117  8:34  Probe x2  
  117  8:36  Probe  
  120  8:41  Stalker  
  120  8:46  Probe x2  
  125  8:56  Photon Cannon  
  125  8:58  Probe  
  125  8:59  Pylon  
  125  9:00  Pylon  
  125  9:01  Stalker x2  
  131  9:06  Gateway  
  131  9:07  Immortal (Chrono Boost)  
  131  9:08  Sentry x2  
  133  9:13  Charge  
  137  9:17  Gateway  
  137  9:19  Protoss Ground Weapons Level 2 (Chrono Boost)  
  137  9:20  Gateway  
  137  9:25  Gateway, Photon Cannon  
  137  9:38  Warp Prism (Chrono Boost)  
  137  9:39  Gateway  
  137  9:41  Gateway  
  137  9:42  Pylon  
  137  9:45  Robotics Bay  
  139  9:48  Zealot x2  
  143  9:57  Zealot x2  
  147  10:01  Gateway  
  147  10:06  Gateway  
  147  10:09  Pylon  
  147  10:15  Stalker x5  
  147  10:18  Zealot x2  
  161  10:22  Pylon  
  161  10:26  Pylon  
  161  10:28  Pylon  
  164  10:42  Observer  
  161  10:44  Stalker x3  
  161  10:45  Stalker x6  
  161  10:46  Zealot  
  180  11:02  Disruptor  
  180  11:03  Zealot  
  180  11:04  Zealot  
  164  11:11  Zealot x9  
  151  11:22  Zealot  
  134  11:27  Stalker x2  
  134  11:30  Phoenix  
  134  11:37  Stalker x5  
  134  11:38  Zealot, Stalker  
  138  11:45  Zealot x3  
  123  11:55  Zealot x5  
  123  12:01  Observer  
  134  12:04  Zealot x4  
  138  12:11  Zealot x2  
  138  12:14  Zealot  
  136  12:21  Zealot x5  
  142  12:24  Zealot x3  
  142  12:25  Zealot  
  148  12:37  Zealot x3  
  150  12:42  Nexus  
  152  12:48  Stalker x4  
  156  12:55  Zealot x4  
  135  13:03  Zealot x4  
  125  13:11  Stalker x3  
  99  13:23  Stalker x5  
  99  13:26  Disruptor (Chrono Boost)  
  99  13:28  Pylon  
  99  13:32  Stalker  
  99  13:33  Stalker  
  100  13:46  Stalker x5  
  100  13:48  Zealot  
  102  13:55  Stalker  
  102  13:56  Stalker  
  102  13:59  Zealot x3  
  109  14:05  Zealot  
  109  14:12  Zealot x5  
  108  14:23  Zealot x5  
  114  14:36  Disruptor (Chrono Boost)  
  117  14:40  Stalker x4  
  123  14:48  Stalker x3  
  123  14:51  Protoss Ground Weapons Level 3 (Chrono Boost), Photon Cannon  
  127  14:54  Zealot  
  127  14:55  Zealot  
  127  14:56  Observer  
  127  15:03  Disruptor (Chrono Boost)  
  130  15:09  Zealot x6  
  142  15:26  Disruptor (Chrono Boost)  
  134  15:32  Stalker x2  
  134  15:34  Zealot x6  
  151  15:46  Zealot x4  
  159  15:56  Disruptor (Chrono Boost)  
  149  16:03  Zealot x2  
  149  16:04  Zealot x5  
  166  16:12  Stalker x3  
  166  16:17  Assimilator  
  172  16:21  Assimilator  
  164  16:51  Disruptor (Chrono Boost)  
  164  16:54  Zealot x12  
  167  16:57  Assimilator  
  167  16:59  Assimilator  
  161  17:18  Nexus  
  157  17:25  Disruptor (Chrono Boost)  
  148  17:34  Zealot x12, Protoss Ground Armor Level 1  
  151  17:48  Robotics Facility  
  151  17:50  Pylon  
  151  17:51  Probe x4  
  154  17:55  Zealot  
  154  17:56  Zealot x4  
  166  17:58  Observer (Chrono Boost)  
  166  18:08  Photon Cannon  
  166  18:10  Stalker x3  
  166  18:11  Stalker  
  166  18:12  Disruptor (Chrono Boost)  
  177  18:21  Stalker x2  
  181  18:28  Shield Battery, Gravitic Boosters (Chrono Boost)  
  181  18:40  Disruptor  
  184  18:45  Photon Cannon  
  184  18:51  Zealot x7  
  195  18:56  Zealot x2  
  152  19:08  Zealot  
  152  19:09  Zealot x2  
  130  19:19  Stalker  
  130  19:20  Stalker x4  
  130  19:24  Probe x3  
  141  19:25  Disruptor (Chrono Boost)  
  141  19:27  Probe  
  141  19:28  Probe  
  146  19:37  Robotics Facility  
  142  19:40  Stalker  
  144  19:50  Stalker x3  
  151  19:53  Observer (Chrono Boost)  
  151  19:56  Stalker x2  
  152  20:07  Disruptor (Chrono Boost)  
  143  20:15  Nexus  
  146  20:30  Disruptor (Chrono Boost)  
  146  20:32  Zealot  
  151  20:39  Disruptor (Chrono Boost)  
  152  20:50  Observer (Chrono Boost)  
  152  20:52  Stalker x7  
  162  21:02  Disruptor (Chrono Boost)  
  162  21:03  Disruptor (Chrono Boost)  
  149  21:18  Pylon  
  149  21:30  Disruptor (Chrono Boost)  
  149  21:31  Stalker x4  
  149  21:32  Observer (Chrono Boost)  
  161  21:33  Zealot x4  
  161  21:39  Zealot x2  
  173  21:51  Zealot x2  
  177  21:57  Zealot x5  
  187  22:01  Observer  
  187  22:04  Assimilator  
  187  22:07  Shield Battery  
  187  22:09  Photon Cannon, Stalker x2  
  185  22:25  Zealot x6  
  197  22:32  Assimilator  
  197  22:42  Disruptor (Chrono Boost)  
  200  22:44  Nexus  
  193  23:01  Disruptor (Chrono Boost)  
  170  23:15  Disruptor (Chrono Boost)  
  170  23:17  Stalker x3  
  168  23:28  Disruptor (Chrono Boost)  
  168  23:29  Zealot x5  
  161  23:42  Zealot x2  
  123  24:12  Nexus  
Show
View Real Time Build Order
Export as new Build Order

Astrea Protoss - Winner!

Build Orders: Oracle Opening, Phoenix Opening 

Get SALT Encoding   

  12  0:00  Probe  
  13  0:12  Probe  
  14  0:17  Pylon  
  14  0:24  Probe (Chrono Boost)  
  15  0:36  Gateway, Probe (Chrono Boost)  
  16  0:44  Probe (Chrono Boost)  
  16  0:45  Assimilator  
  17  0:51  Probe  
  17  0:55  Assimilator  
  18  1:03  Probe (Chrono Boost)  
  19  1:07  Pylon  
  19  1:12  Probe (Chrono Boost)  
  19  1:17  Probe (Chrono Boost)  
  20  1:24  Cybernetics Core  
  21  1:29  Probe  
  21  1:32  Zealot  
  24  1:41  Probe  
  24  1:44  Pylon  
  25  1:53  Probe  
  26  2:02  Warp Gate  
  26  2:05  Twilight Council  
  26  2:10  Stalker (Chrono Boost)  
  26  2:13  Stargate  
  28  2:27  Probe  
  29  2:31  Stalker (Chrono Boost)  
  31  2:39  Probe  
  32  2:51  Probe  
  32  2:57  Oracle  
  36  3:05  Nexus  
  36  3:12  Pylon  
  36  3:32  Probe  
  38  3:42  Twilight Council  
  38  3:44  Probe  
  39  3:57  Phoenix, Probe  
  39  3:58  Stalker  
  41  4:09  Probe  
  41  4:11  Blink (Chrono Boost)  
  41  4:17  Gateway, Probe  
  41  4:20  Gateway  
  41  4:22  Probe  
  43  4:27  Stalker  
  43  4:29  Probe  
  46  4:35  Probe  
  47  4:42  Probe  
  48  4:47  Probe  
  48  4:50  Stalker  
  51  4:54  Probe  
  51  4:55  Pylon  
  51  4:59  Probe  
  53  5:06  Probe  
  54  5:13  Pylon  
  54  5:14  Stalker  
  54  5:15  Stalker x2  
  54  5:18  Probe x2  
  62  5:21  Pylon  
  62  5:30  Probe  
  62  5:32  Pylon  
  62  5:34  Robotics Facility  
  63  5:45  Nexus  
  63  5:49  Stalker  
  65  5:55  Stalker x2  
  69  6:01  Probe x2, Assimilator  
  71  6:12  Forge  
  71  6:15  Pylon  
  71  6:18  Probe  
  71  6:21  Probe  
  71  6:24  Observer  
  74  6:30  Probe  
  75  6:33  Probe  
  75  6:36  Stalker x3  
  82  6:43  Probe  
  82  6:45  Immortal (Chrono Boost), Probe  
  82  6:58  Probe  
  82  7:00  Probe x2  
  81  7:04  Protoss Ground Weapons Level 1 (Chrono Boost)  
  81  7:06  Stalker x3  
  87  7:09  Observer  
  87  7:10  Probe  
  87  7:12  Probe x2  
  90  7:16  Photon Cannon  
  90  7:22  Probe  
  91  7:23  Observer  
  91  7:32  Stalker x3  
  95  7:39  Observer  
  95  7:40  Gateway  
  95  7:41  Gateway x2  
  95  7:42  Photon Cannon  
  95  7:44  Gateway  
  95  7:45  Probe x3  
  95  7:48  Assimilator  
  98  7:52  Warp Prism (Chrono Boost)  
  98  7:58  Pylon  
  100  8:02  Observer  
  100  8:04  Nexus  
  100  8:07  Observer  
  100  8:11  Stalker x2  
  104  8:13  Stalker  
  106  8:25  Probe x3  
  109  8:28  Shield Battery  
  108  8:35  Charge, Pylon  
  108  8:37  Probe x3, Pylon  
  111  8:47  Stalker x3  
  117  8:52  Protoss Ground Weapons Level 2 (Chrono Boost)  
  117  8:53  Probe x3  
  117  8:54  Photon Cannon  
  120  9:04  Gateway  
  120  9:05  Gateway, Probe  
  120  9:08  Probe x2  
  120  9:09  Photon Cannon  
  123  9:15  Robotics Bay  
  123  9:16  Robotics Facility  
  123  9:19  Probe x2  
  123  9:20  Probe x2  
  127  9:27  Assimilator  
  127  9:30  Assimilator  
  127  9:31  Stalker x3  
  133  9:33  Probe x2  
  133  9:37  Probe  
  136  9:52  Stalker x4  
  144  10:01  Disruptor (Chrono Boost)  
  144  10:02  Pylon  
  144  10:04  Gravitic Boosters (Chrono Boost)  
  144  10:05  Pylon  
  147  10:08  Photon Cannon  
  147  10:10  Pylon  
  146  10:18  Disruptor (Chrono Boost)  
  149  10:24  Zealot x2, Pylon  
  149  10:25  Zealot x2, Pylon x2  
  153  10:43  Zealot x5  
  153  10:45  Zealot x4  
  167  10:56  Disruptor (Chrono Boost)  
  169  10:57  Disruptor (Chrono Boost)  
  163  11:08  Nexus  
  163  11:10  Zealot x8  
  163  11:11  Zealot  
  111  11:29  Disruptor (Chrono Boost)  
  112  11:33  Stalker x9  
  112  11:37  Disruptor (Chrono Boost), Probe x2  
  112  11:38  Probe x2  
  96  11:56  Stalker x5  
  96  11:57  Stalker x3  
  96  11:58  Stalker  
  107  12:08  Disruptor  
  104  12:24  Stalker x6  
  111  12:39  Stalker x3  
  115  12:45  Probe x3  
  118  12:57  Probe  
  113  12:58  Zealot x6  
  113  13:04  Disruptor  
  115  13:11  Stalker  
  115  13:12  Stalker x2  
  114  13:13  Probe x2  
  110  13:28  Probe x3  
  110  13:29  Probe  
  114  13:39  Stalker x5  
  116  13:49  Probe x3  
  115  14:04  Probe  
  106  14:17  Nexus  
  106  14:19  Disruptor  
  106  14:20  Observer  
  106  14:22  Probe  
  106  14:23  Stalker x5  
  106  14:24  Assimilator x2  
  118  14:41  Disruptor  
  118  14:43  Probe x2  
  121  14:51  Photon Cannon  
  121  14:54  Disruptor  
  121  14:55  Observer, Probe x2, Assimilator  
  126  15:01  Zealot x9  
  126  15:04  Pylon  
  142  15:08  Observer  
  142  15:12  Assimilator  
  142  15:16  Pylon  
  142  15:17  Disruptor  
  142  15:18  Shield Battery  
  142  15:20  Dark Shrine  
  145  15:30  Observer, Stalker x3  
  145  15:31  Stalker  
  153  15:36  Probe x3  
  153  15:38  Photon Cannon  
  156  15:47  Photon Cannon  
  154  16:03  Stalker x7  
  168  16:13  Observer x2 (Chrono Boost)  
  168  16:16  Probe x4  
  174  16:20  Shield Battery  
  153  16:34  Stalker x5  
  153  16:35  Stalker x3  
  167  16:46  Zealot  
  155  17:02  Zealot x7  
  155  17:03  Zealot  
  171  17:12  Nexus  
  142  17:37  Disruptor (Chrono Boost)  
  142  17:38  Disruptor (Chrono Boost)  
  142  17:52  Shadow Stride (Chrono Boost)  
  142  17:56  Dark Templar x8  
  158  18:05  Disruptor (Chrono Boost)  
  158  18:08  Disruptor  
  164  18:15  Stalker  
  166  18:38  Disruptor  
  166  18:40  Photon Cannon  
  169  18:43  Disruptor  
  162  18:56  Stalker x4  
  162  18:57  Stalker x3  
  166  19:08  Observer  
  156  19:14  Disruptor (Chrono Boost)  
  153  19:21  Stalker x3  
  153  19:22  Stalker x6  
  162  19:37  Nexus  
  162  19:38  Observer (Chrono Boost)  
  162  19:43  Observer (Chrono Boost)  
  163  19:51  Disruptor  
  166  19:56  Observer  
  160  20:08  Disruptor  
  160  20:12  Dark Templar x5, Pylon  
  160  20:13  Dark Templar x4  
  181  20:15  Photon Cannon  
  181  20:21  Pylon  
  180  20:27  Disruptor  
  178  20:54  Observer  
  178  20:56  Stalker  
  178  20:57  Stalker x8  
  190  21:03  Disruptor x2  
  193  21:08  Photon Cannon  
  193  21:09  Photon Cannon  
  193  21:13  Shield Battery  
  193  21:16  Pylon  
  193  21:19  Robotics Facility  
  193  21:20  Assimilator x2  
  190  21:33  Stalker x5  
  200  21:50  Photon Cannon  
  200  21:51  Photon Cannon  
  200  22:00  Photon Cannon  
  198  22:01  Photon Cannon  
  188  22:38  Nexus  
  188  22:42  Pylon  
  188  22:43  Observer x2  
  190  22:48  Pylon  
  180  23:04  Stalker x9  
  174  23:14  Disruptor  
  175  23:30  Dark Templar x5  
  175  23:31  Dark Templar x4  
  160  23:56  Photon Cannon  
  160  23:59  Photon Cannon  
  160  24:02  Photon Cannon  
  152  24:05  Shield Battery  
  136  24:18  Photon Cannon  
  136  24:19  Stalker x9  
  136  24:21  Photon Cannon  
  150  24:24  Shield Battery  
Tags
 
Add a new tag
Caveats
  • Supply blocks, unpowered buildings, or Contaminate may cause inaccurate times.
  • Supply counts are checked every 10 seconds.